 Dungeon Sprint DCSS version 0.30.1-9-gdf580d7c3d (webtiles) character file.

Game seed: 275692474379672462

64 Heoruswealwe the Poker (level 3, -7/37 HPs)
             Began as a Minotaur Fighter on Oct 4, 2023.
             Mangled by a gnoll sergeant
             ... wielding a +5 trident of freezing
              (8 damage)
             ... in the Dungeon (Sprint IX: "|||||||||||||||||||||||||||||").
             The game lasted 00:00:59 (49 turns).

Heoruswealwe the Poker (Minotaur Fighter)             Turns: 49, Time: 00:00:59

Health: -7/37      AC:  7    Str: 22    XL:     3   Next: 91%
Magic:  2/2        EV:  9    Int:  5    God:
Gold:   0          SH:  4    Dex:  9    Spells: 2/2 levels left

rFire   . . .        a - +0 trident
rCold   . . .        d - +0 buckler
rNeg    . . .        c - +0 scale mail
rPois   .            (helmet restricted)
rElec   .            (no cloak)
rCorr   .            (no gloves)
SInv    .            (no boots)
Will    .....        (no amulet) Stlth
                     (no ring)
HPRegen 0.26/turn    (no ring)
MPRegen 0.08/turn

%: no teleportation
@: no status effects
A: horns 2, retaliatory headbutt
a: no special abilities


You were in the Dungeon.
You visited 1 branch

Inventory:

Hand Weapons
 a - a +0 trident (weapon)
Armour
 c - a +0 scale mail (worn)
 d - a +0 buckler (worn)
Scrolls
 j - a scroll of blinking
Potions
 b - a potion of might
 g - a potion of haste
 i - a potion of berserk rage


   Skills:
 + Level 5.8 Fighting
 * Level 6.9 Polearms
 + Level 5.8 Armour
 - Level 3.6 Shields


You had 2 spell levels left.
You didn't know any spells.
Your spell library was empty.

Dungeon Overview and Level Annotations

Branches:
Dungeon (1/1)

Altars:


Innate Abilities, Weirdness & Mutations

You have a pair of horns on your head.
You reflexively headbutt those who attack you in melee.


Message History

The gnoll sergeant freezes you.
* * * LOW HITPOINT WARNING * * *
There is an open door here.
Items here: )) [[ †.
You feel much better.
The gnoll sergeant hits you but does no damage.
The gnoll sergeant blocks your attack.
Your headbutt misses the gnoll sergeant.
You block the gnoll sergeant's attack.
You barely miss the gnoll sergeant.
Your headbutt misses the gnoll sergeant.
You block the gnoll sergeant's attack.
You closely miss the gnoll sergeant.
Your headbutt misses the gnoll sergeant.
The gnoll sergeant hits you with a +5 trident of freezing!
The gnoll sergeant freezes you.
* * * LOW HITPOINT WARNING * * *
You barely miss the gnoll sergeant. The gnoll sergeant barely misses you.
You hit the gnoll sergeant but do no damage.
The gnoll sergeant barely misses you.
You barely miss the gnoll sergeant. You headbutt the gnoll sergeant.
The gnoll sergeant is moderately wounded.
You block the gnoll sergeant's attack.
You hit the gnoll sergeant.
The gnoll sergeant is moderately wounded.
The gnoll sergeant hits you with a +5 trident of freezing!
* * * LOW HITPOINT WARNING * * *
The gnoll sergeant freezes you.
* * * LOW HITPOINT WARNING * * *
You feel better. You block the gnoll sergeant's attack.
You hit the gnoll sergeant.
The gnoll sergeant is heavily wounded.
The gnoll sergeant hits you with a +5 trident of freezing!
* * * LOW HITPOINT WARNING * * *
The gnoll sergeant freezes you.
* * * LOW HITPOINT WARNING * * *
You barely miss the gnoll sergeant.
The gnoll sergeant is heavily wounded.
The gnoll sergeant hits you with a +5 trident of freezing!
You die... ▓▓▓▓▓▓▓▓▓▓▓▓▓▓▓▓▓▓ +....g@.....).!.<▓ ▓▓▓▓▓▓▓▓▓▓▓▓▓▓▓▓▓▓

You could see a gnoll sergeant.

Vanquished Creatures
  A hound (D)
  An iguana (D)
  2 orcs (D)
  A bat (D)
  A goblin (D)
  2 hobgoblins (D)
  A frilled lizard (D)
9 creatures vanquished.

Notes
Turn   | Place    | Note
-------+----------+-------------------------------------------
     0 | D        | Heoruswealwe the Minotaur Fighter began the quest for the
                  | Orb.
     0 | D        | Reached XP level 1. HP: 19/19 MP: 0/0
     7 | D        | Reached skill level 3 in Polearms
    25 | D        | Noticed a gnoll sergeant
    25 | D        | Noticed a hound
    25 | D        | Noticed an iguana
    27 | D        | Reached skill level 4 in Polearms
    27 | D        | Reached XP level 2. HP: 28/28 MP: 1/1
    35 | D        | Reached skill level 5 in Fighting
    35 | D        | Reached skill level 5 in Polearms
    35 | D        | Reached skill level 5 in Armour
    35 | D        | Reached XP level 3. HP: 20/36 MP: 2/2
    38 | D        | Reached skill level 6 in Polearms
    48 | D        | HP: 1/37 [gnoll sergeant/+5 trident of freezing (2)]
    49 | D        | Mangled by a gnoll sergeant

Illustrated notes

Levels and vault maps discovered:
D:        linesprint [early_d, line_temple, items_1, d_10, items_2, lair_1,
          lair_end, items_3, orc_1, orc_end, items_4, d_15, swamp_1, shoals_1,
          snake_1, spider_1, d_20, vaults_1, items_5, swamp_end, shoals_end,
          snake_end, spider_end, vaults_end, d_27, items_6, zot_1, zot_end,
          crypt_end, forest_end, elf_end, slime_end, tomb_end, abyss_end,
          pan_hell_end]

Skill      XL: |  1  2  3 |
---------------+----------+-----
Polearms       | 4 5 6 |  6.9
Fighting       | 4 5 |  5.8
Armour         | 4 5 |  5.8
Shields        | |  3.6

Action                     || total
---------------------------++-------
  Melee: Trident           ||    30
         Headbutt          ||     4
    Use: Potion            ||     2
 Armour: Scale mail        ||     4
  Dodge: Dodged            ||     9
  Block: Buckler           ||     9
